Map: Cyber Forest LE

Players

Leenock

  • Race: Zerg Zerg
  • Spawn Location: 11:00

Neeb - Winner!

  • Race: Protoss Protoss
  • Spawn Location: 5:00

Event: IEM Season 13: Katowice (2019)

VOD

Have the link to the VOD?

Description

Time

  • Played on: Feb. 28, 2019, 1:48 p.m.
  • Length: 12:05

All games in this series

Show
View Real Time Build Order
Export as new Build Order

Leenock Zerg 

Build Orders: Hatch First, Roach Hydra 

Get SALT Encoding   

  12  0:00  Drone  
  13  0:12  Overlord  
  13  0:16  Drone  
  14  0:31  Drone x2  
  16  0:49  Hatchery  
  15  0:51  Drone  
  15  0:55  Drone  
  17  0:58  Drone  
  18  1:06  Extractor  
  17  1:15  Spawning Pool  
  17  1:17  Drone  
  17  1:20  Drone  
  18  1:28  Drone  
  19  1:39  Drone  
  20  1:48  Hatchery  
  20  1:52  Drone  
  20  2:00  Drone  
  20  2:01  Drone  
  22  2:09  Metabolic Boost  
  22  2:14  Queen  
  24  2:19  Overlord  
  24  2:22  Drone  
  25  2:24  Drone  
  25  2:27  Zergling x2  
  27  2:32  Zergling x2  
  28  2:37  Queen  
  28  2:39  Zergling x2  
  28  2:43  Zergling x2  
  28  2:44  Zergling x2  
  33  2:51  Queen  
  33  2:53  Zergling x2  
  33  2:58  Overlord  
  36  3:02  Drone  
  37  3:06  Queen  
  39  3:13  Drone  
  39  3:14  Drone  
  39  3:18  Drone  
  41  3:21  Drone x2  
  41  3:22  Drone  
  44  3:28  Drone  
  44  3:30  Queen  
  44  3:32  Drone  
  48  3:36  Overlord  
  48  3:37  Drone  
  48  3:41  Overlord  
  49  3:54  Overlord  
  49  3:57  Spore Crawler x2  
  49  3:59  Spore Crawler  
  49  4:00  Drone x2  
  49  4:01  Drone  
  49  4:02  Drone x3  
  52  4:04  Drone  
  52  4:08  Zergling x4  
  55  4:15  Roach Warren  
  54  4:21  Drone x3  
  54  4:23  Zergling x6  
  60  4:27  Zergling x2  
  60  4:28  Zergling x4  
  60  4:29  Zergling x2  
  64  4:32  Zergling x4  
  64  4:38  Lair  
  65  4:57  Overlord  
  65  4:59  Extractor  
  64  5:02  Overlord  
  60  5:14  Roach  
  60  5:15  Roach x2  
  60  5:17  Roach x4, Drone  
  60  5:18  Drone  
  71  5:25  Drone x5  
  71  5:27  Drone  
  71  5:28  Drone  
  71  5:31  Drone  
  71  5:35  Extractor  
  70  5:36  Extractor  
  70  5:38  Drone x2  
  70  5:41  Drone x3  
  74  5:44  Overlord  
  74  5:47  Drone  
  75  5:53  Overlord  
  75  5:55  Drone  
  74  5:59  Extractor  
  74  6:00  Hydralisk Den  
  74  6:01  Evolution Chamber  
  74  6:02  Drone  
  74  6:03  Drone x4  
  76  6:05  Drone  
  76  6:10  Roach  
  76  6:11  Roach x2, Glial Reconstitution  
  83  6:13  Drone  
  84  6:30  Grooved Spines  
  84  6:31  Zerg Missile Weapons Level 1  
  84  6:32  Drone  
  85  6:33  Overlord, Drone x3  
  88  6:42  Drone x2  
  88  6:43  Drone x2  
  88  6:44  Drone  
  92  6:47  Hydralisk x2  
  92  6:48  Overlord  
  92  6:49  Overlord x3  
  92  6:50  Overlord  
  96  6:54  Roach x2  
  96  6:55  Roach  
  96  6:57  Roach  
  96  6:58  Ravager x2  
  96  7:00  Zergling x2  
  106  7:05  Overseer  
  106  7:07  Hydralisk, Zergling x8  
  112  7:10  Hydralisk  
  114  7:19  Overlord  
  114  7:23  Hydralisk x4  
  114  7:27  Overlord  
  122  7:31  Hydralisk  
  122  7:32  Hydralisk  
  122  7:33  Zergling x10  
  130  7:39  Drone x4  
  130  7:42  Pneumatized Carapace  
  134  7:48  Muscular Augments  
  134  7:56  Hydralisk x2  
  138  7:58  Hydralisk  
  138  7:59  Overlord x3  
  138  8:05  Hatchery  
  139  8:15  Hydralisk x2  
  139  8:17  Roach  
  142  8:21  Roach  
  142  8:23  Roach x2  
  142  8:24  Roach  
  142  8:25  Roach  
  146  8:27  Roach  
  146  8:30  Roach  
  150  8:34  Roach  
  150  8:35  Roach x2  
  150  8:37  Extractor  
  150  8:40  Roach x2  
  158  8:57  Hydralisk  
  158  8:58  Hydralisk x2, Infestation Pit  
  158  8:59  Zergling x20  
  173  9:12  Overlord x3  
  168  9:24  Roach x3  
  168  9:26  Roach  
  168  9:27  Roach  
  168  9:28  Hydralisk  
  168  9:29  Hydralisk x2  
  177  9:36  Queen  
  172  9:42  Hive  
  172  9:44  Drone x3  
  172  9:45  Spire, Drone x7  
  180  9:46  Drone  
  180  9:52  Hydralisk x2  
  121  10:43  Hydralisk x8, Roach x4  
  121  10:46  Hydralisk  
  121  10:47  Hydralisk x5  
  121  10:48  Zergling x12  
  151  11:05  Hydralisk, Extractor x2  
  151  11:06  Hydralisk x3  
  151  11:07  Roach  
  151  11:11  Roach x2  
  137  11:20  Hydralisk x3  
  137  11:23  Hydralisk  
  117  11:27  Hydralisk  
  97  11:37  Hydralisk x2  
  97  11:38  Zergling x16  
Show
View Real Time Build Order
Export as new Build Order

Neeb Protoss - Winner!

Build Orders: 1 Gate Expand, Oracle Opening, Phoenix Opening, Archon Immortal 

Get SALT Encoding   

  12  0:00  Probe  
  13  0:12  Probe  
  14  0:18  Pylon  
  14  0:25  Probe  
  15  0:29  Assimilator  
  15  0:34  Probe  
  16  0:42  Probe  
  16  0:43  Gateway  
  17  0:51  Probe  
  18  1:03  Probe  
  19  1:16  Probe  
  20  1:23  Nexus  
  20  1:33  Cybernetics Core  
  20  1:36  Probe  
  21  1:41  Assimilator  
  21  1:48  Probe  
  21  1:50  Pylon  
  22  1:59  Adept  
  22  2:00  Probe  
  23  2:12  Probe  
  23  2:13  Warp Gate  
  26  2:19  Adept  
  26  2:20  Stargate  
  26  2:24  Probe  
  29  2:31  Probe  
  29  2:36  Probe  
  31  2:39  Probe  
  32  2:48  Probe  
  32  2:49  Adept, Probe  
  36  3:01  Probe  
  36  3:02  Probe  
  36  3:04  Phoenix  
  40  3:12  Gateway  
  40  3:17  Gateway  
  40  3:20  Oracle  
  40  3:22  Probe x2  
  40  3:26  Pylon  
  46  3:34  Probe  
  46  3:39  Pylon  
  46  3:44  Probe  
  46  3:46  Probe  
  48  3:56  Probe, Oracle  
  48  3:58  Pylon, Probe  
  48  4:01  Adept  
  55  4:07  Adept  
  55  4:08  Probe  
  58  4:10  Probe  
  58  4:13  Pylon  
  58  4:16  Adept  
  61  4:19  Assimilator  
  61  4:22  Adept, Assimilator  
  63  4:27  Probe x2  
  63  4:28  Sentry  
  67  4:39  Probe x2  
  69  4:51  Probe  
  70  4:53  Robotics Facility  
  70  4:54  Probe  
  71  5:03  Probe  
  71  5:07  Sentry, Zealot x2  
  72  5:12  Probe  
  74  5:15  Twilight Council  
  74  5:17  Probe  
  71  5:27  Probe  
  68  5:30  Nexus  
  68  5:31  Immortal  
  68  5:33  Pylon  
  68  5:34  Zealot  
  68  5:36  Zealot  
  74  5:42  Sentry  
  74  5:47  Shield Battery  
  74  5:49  Shield Battery  
  76  5:56  Sentry, Shield Battery  
  78  5:57  Shield Battery  
  78  5:59  Sentry, Shield Battery  
  78  6:00  Charge  
  78  6:01  Probe  
  78  6:03  Immortal  
  81  6:06  Probe  
  86  6:12  Forge  
  86  6:17  Pylon x2  
  86  6:24  Pylon  
  86  6:26  Pylon  
  86  6:32  Pylon, Assimilator  
  86  6:33  Assimilator  
  86  6:34  Protoss Ground Weapons Level 1  
  86  6:35  Probe x2  
  86  6:36  Immortal, Pylon  
  88  6:42  Probe  
  93  6:47  Probe x2  
  93  6:54  Gateway, Probe  
  95  6:56  Gateway  
  95  6:58  Templar Archives  
  95  6:59  Probe  
  95  7:00  Probe  
  98  7:06  Probe  
  99  7:09  Zealot  
  99  7:11  Probe  
  99  7:12  Probe  
  99  7:15  Psionic Storm  
  103  7:17  Immortal  
  103  7:19  Probe  
  108  7:23  Probe  
  109  7:30  Probe  
  109  7:33  Pylon  
  109  7:34  Pylon, High Templar x3  
  116  7:40  Probe x2  
  116  7:41  Pylon  
  118  7:47  Immortal  
  118  7:51  High Templar  
  118  7:55  Shield Battery  
  118  7:56  Shield Battery  
  118  7:57  Shield Battery  
  124  8:00  Zealot  
  124  8:05  Gateway  
  126  8:07  Gateway  
  126  8:09  Protoss Ground Weapons Level 2  
  126  8:14  Zealot x3  
  126  8:18  Immortal  
  136  8:28  Pylon  
  136  8:29  Pylon  
  136  8:30  Pylon  
  136  8:31  Zealot, Pylon  
  138  8:35  Probe  
  139  8:48  Immortal, Nexus  
  139  8:50  Pylon  
  139  8:52  Zealot, High Templar x4  
  149  8:56  Archon x2  
  148  9:17  High Templar x3  
  148  9:19  Probe x2  
  148  9:22  Immortal, Gateway  
  148  9:23  Gateway  
  158  9:34  Nexus  
  158  9:35  Zealot x4  
  148  9:54  Immortal  
  148  9:55  Zealot, High Templar x2  
  148  9:56  Zealot x4  
  148  9:59  Archon  
  166  10:19  Stalker x2  
  170  10:21  Sentry, Zealot x3  
  170  10:22  Zealot  
  180  10:32  Observer  
  171  10:38  Archon x2  
  159  10:42  Zealot  
  159  10:43  Zealot x7  
  175  10:50  Pylon  
  169  10:58  Immortal  
  167  11:04  High Templar x4  
  167  11:05  Zealot x5  
  142  11:33  Archon  
  142  11:35  Zealot x2, High Templar x3  
  142  11:37  Zealot x4  
  142  11:38  Probe  
  142  11:39  Probe  
  166  11:41  Assimilator x2, Archon  
  166  11:43  Pylon  
  166  11:44  Probe  

Tags
 
Add a new tag
Caveats
  • Supply blocks, unpowered buildings, or Contaminate may cause inaccurate times.
  • Supply counts are checked every 10 seconds.